 Dungeon Crawl Stone Soup version 0.18.1-2-ga659475 (webtiles) character file.

2 Implojin the Insei (level 1, 18/18 HPs)
             Began as a Mummy Monk on May 7, 2016.
             Quit the game on level 1 of the Dungeon.
             The game lasted 00:00:55 (272 turns).

Implojin the Insei (Mummy Monk)                      Turns: 272, Time: 00:00:55

Health: 18/18      AC:  2    Str: 14    XL:     1   Next: 33%
Magic:  1/1        EV: 13    Int:  9    God:
Gold:   19         SH:  0    Dex: 14    Spells: 0 memorised, 0 levels left

rFire  x . .     SeeInvis .       - Unarmed
rCold  + . .     Gourm    .     a - +0 robe
rNeg   + + +     Faith    .     (no shield)
rPois  ∞         Spirit   .     (no helmet)
rElec  .         Dismiss  .     (no cloak)
rCorr  .         Reflect  .     (no gloves)
SustAt .         Harm     .     (no boots)
MR     .....                    (no amulet)
Stlth  ++........               (no ring)
                                (no ring)

@: not resistant to hostile enchantments, unstealthy
A: no food or potions, fire vulnerability, cold resistance 1, negative energy
resistance 3, torment resistance, unbreathing
a: no special abilities


You were on level 1 of the Dungeon.
You were not hungry.

You visited 1 branch of the dungeon, and saw 1 of its levels.

You collected 19 gold pieces.

Inventory:

Armour
 a - a +0 robe (worn)
Scrolls
 b - a scroll of blinking {unknown}


   Skills:
 - Level 3.0 Fighting
 - Level 2.4 Dodging
 - Level 1.5 Stealth
 * Level 3.4 Unarmed Combat


You couldn't memorise any spells.
You didn't know any spells.

Dungeon Overview and Level Annotations

Branches:
Dungeon (1/15)

Altars:


Innate Abilities, Weirdness & Mutations

You do not eat or drink.
Your flesh is vulnerable to fire.
You are immune to poison.
Your flesh is cold resistant.
You are immune to negative energy.
You are immune to unholy pain and torment.
You can survive without breathing.


Message History

You closely miss the goblin. The goblin closely misses you.
You hit the hobgoblin but do no damage. You closely miss the hobgoblin.
The hobgoblin completely misses you.
You see here a golden potion.
Unknown command.
The goblin hits you but does no damage. The hobgoblin closely misses you.
The hobgoblin hits you but does no damage.
The goblin completely misses you. The hobgoblin barely misses you.
The goblin hits you with a dagger.
* * * LOW HITPOINT WARNING * * *
You completely miss the goblin. The goblin misses you.
You hit the goblin.
You kill the goblin!
You hit the hobgoblin. Your punch misses the hobgoblin.
The hobgoblin is almost dead.
The hobgoblin misses you.
You closely miss the hobgoblin.
The hobgoblin is almost dead.
The hobgoblin barely misses you.
You hit the hobgoblin.
You kill the hobgoblin!
You start resting.
HP restored.
Found a silvery potion.
You open the door.
There is an open door here.
Found 23 arrows.
Found a fuming yellow potion.
Found a stone staircase leading down.
You now have 12 gold pieces.
You open the door.
There is an open door here.
You open the door.
There is an open door here.
You now have 19 gold pieces (gained 7).
Found a short sword.
Wear which item? (? for menu, Esc to quit)
Okay, then.
Enter note: shit Are you sure you want to abandon this character and quit the game? (Confirm with "yes".)

..# #.....#.#.#.#
..#+#.......#.#.##
......#'###.#.#..#
......#.....#....#
.................##
##..##########....##
##..# #.....# ..
#..+ #.....#####....
#..# #..@...........
#..# #.......###.##
###.# #.......#
....#
#.......###$####
....#
+.....#.....=...
....#
#.....#..##.####
....## #.....#..#
.!..... .......#...
##...##
..###...#...#


There were no monsters in sight!

Vanquished Creatures
  A goblin (D:1)
  A hobgoblin (D:1)
2 creatures vanquished.

Notes
Turn   | Place    | Note
--------------------------------------------------------------
     0 | D:1      | Implojin the Mummy Monk began the quest for the Orb.
     0 | D:1      | Reached XP level 1. HP: 18/18 MP: 1/1
   272 | D:1      | shit
   272 | D:1      | Quit the game

Action                   || total
-------------------------++-------
Melee: Unarmed           ||    14
Armor: Robe              ||     1
Dodge: Dodged            ||    11

Table legend:
 A = Turns spent in this place as a percentage of turns spent in the entire game.
 B = Non-inter-level travel turns spent in this place as a percentage of non-inter-level travel turns spent in the entire game.
 C = Inter-level travel turns spent in this place as a percentage of turns spent in this place.
 D = Turns resting spent in this place as a percentage of non-inter-level travel turns spent in this place.
 E = Turns spent auto-exploring this place as a percentage of non-inter-level travel turns spent in this place.
 F = Non-inter-level travel turns spent in this place divided by the number of levels of this place that you've seen.
                   A       B       C       D       E      F
               +-------+-------+-------+-------+-------+----------------------
         Total | 100.0 | 100.0 |   0.0 |   2.4 |   9.5 |  84.0
       Dungeon | 100.0 | 100.0 |   0.0 |   2.4 |   9.5 |  84.0
               +-------+-------+-------+-------+-------+----------------------

Table legend:
 A = Kills in this place as a percentage of kills in entire the game.
 B = Kills by you in this place as a percentage of kills by you in the entire game.
 C = Kills by friends in this place as a percentage of kills by friends in the entire game.
 D = Other kills in this place as a percentage of other kills in the entire game.
 E = Experience gained in this place as a percentage of experience gained in the entire game.
 F = Experience gained in this place divided by the number of levels of this place that you have seen.
                   A       B       C       D       E      F
               +-------+-------+-------+-------+-------+----------------------
         Total | 100.0 | 100.0 |  -nan |  -nan | 100.0 |   4.0
       Dungeon | 100.0 | 100.0 |  -nan |  -nan | 100.0 |   4.0
               +-------+-------+-------+-------+-------+----------------------
